 Dungeon Sprint DCSS version 0.28.0-43-g3370ac3207 (webtiles) character file.

Game seed: 16590120590748260628

460 boopmooplesden the Cleaver (level 6, -1/68 HPs)
             Began as a Minotaur Berserker on Mar 15, 2022.
             Was a Believer of Trog.
             Splashed by a jelly's acid (8 damage)
             ... in the Dungeon (Sprint I: "Red Sonja").
             The game lasted 00:00:40 (211 turns).

boopmooplesden the Cleaver (Minotaur Berserker)      Turns: 211, Time: 00:00:41

Health: -1/68      AC: -3    Str: 21    XL:     6   Next: 78%
Magic:  5/5        EV: 13    Int:  4    God:    Trog [**....]
Gold:   270        SH:  0    Dex: 12    Spells: 5/5 levels left

rFire   . . .      SeeInvis .   a - +0 hand axe
rCold   + . .      Faith    .   (no shield)
rNeg    . . .      Spirit   .   j - +2 ring mail {rC+}
rPois   .          Reflect  .   (helmet restricted)
rElec   .          Harm     .   (no cloak)
rCorr   .          Rampage  .   (no gloves)
Will    .....      NoTele   +   (no boots)
Stlth   +.........              (no amulet)
HPRegen 0.21/turn               (no ring)
MPRegen 0.09/turn               (no ring)

@: corroded, on berserk cooldown
A: horns 2, retaliatory headbutt
a: Renounce Religion, Berserk, Trog's Hand


You were in the Dungeon.
You worshipped Trog.
Trog was pleased with you.
You visited 1 branch You collected 270 gold pieces.

Inventory:

Hand Weapons
 a - a +0 hand axe (weapon)
Armour
 b - a +0 animal skin
 j - a +2 ring mail of cold resistance (worn)
Wands
 i - a wand of flame (26)
Scrolls
 h - a scroll of blinking
Potions
 c - a potion of curing
 d - a potion of heal wounds
 e - a potion of haste
 f - 2 potions of magic
 g - a potion of berserk rage


   Skills:
 + Level 11.3 Fighting
 + Level 11.5 Axes
 + Level 6.0 Armour
 + Level 6.0 Dodging


You had 5 spell levels left.
You didn't know any spells.
Your spell library was empty.

Dungeon Overview and Level Annotations

Branches:
Dungeon (1/1)

Altars:
Makhleb
Sif Muna
Vehumet
Wu Jian
Xom
Jiyva
Lugonu


Innate Abilities, Weirdness & Mutations

You have a pair of horns on your head.
You reflexively headbutt those who attack you in melee.


Message History

A jelly comes into view.
The jelly quivers.
There is an open door here.
Found a radiant altar of Vehumet.
You see here a +0 leather armour.
The jelly hits you. The acid corrodes you!
You are splashed with acid!
You see here 13 gold pieces.
You hit the jelly.
Your hands burn!
The jelly is lightly wounded.
The jelly closely misses you.
You hit the jelly.
Your hands burn!
The jelly is moderately wounded.
The jelly hits you. The acid corrodes you!
You are splashed with acid!
You hit the jelly but do no damage.
Your hands burn!
The jelly is moderately wounded.
You hit the jelly but do no damage.
Your hands burn!
The jelly is moderately wounded.
The jelly barely misses you.
You hit the jelly but do no damage. The acid corrodes you!
Your hands burn!
* * * LOW HITPOINT WARNING * * *
You headbutt the jelly, but do no damage.
The jelly is moderately wounded.
The jelly completely misses you. You furiously retaliate!
You headbutt the jelly. You hit the jelly.
Your hands burn!
* * * LOW HITPOINT WARNING * * *
The jelly is severely wounded.
The jelly barely misses you.
You're still recovering from your berserk rage.
You hit the jelly but do no damage.
Your hands burn!
* * * LOW HITPOINT WARNING * * *
You headbutt the jelly, but do no damage.
The jelly is severely wounded.
You hit the jelly.
Your hands burn!
* * * LOW HITPOINT WARNING * * *
The jelly is severely wounded.
The jelly hits you.
* * * LOW HITPOINT WARNING * * *
You are splashed with acid!
You die...

######################
#<.#..'..#..'..#__#..+
#..').#.)').#..'..'..#
#..#####'#####'#__####
#..# #..# #[#### #..#
#### #@# #..# #_J+
#⌠⌠# ..._# #### #_.#+#
##+


You could see a jelly.

Vanquished Creatures
  A slime creature (D)
  Sigmund (D)
  An ogre (D)
  Ijyb (D)
4 creatures vanquished.

Vanquished Creatures (others)
  A gargoyle (D)
1 creature vanquished.

Grand Total: 5 creatures vanquished

Notes
Turn   | Place    | Note
-------+----------+-------------------------------------------
     0 | D        | boopmooplesden the Minotaur Berserker began the quest for
                  | the Orb.
     0 | D        | Reached XP level 1. HP: 19/19 MP: 0/0
     2 | D        | Noticed Ijyb
     7 | D        | Killed Ijyb
     8 | D        | Reached skill level 5 in Fighting
     8 | D        | Reached skill level 5 in Axes
     8 | D        | Reached XP level 2. HP: 29/29 MP: 1/1
    13 | D        | Killed a gargoyle
    51 | D        | Noticed an ogre
    55 | D        | Killed an ogre
    56 | D        | Reached XP level 3. HP: 40/40 MP: 2/2
    56 | D        | Reached XP level 4. HP: 48/48 MP: 3/3
    86 | D        | Noticed Sigmund
    95 | D        | Killed Sigmund
    95 | D        | Reached ** piety under Trog
    96 | D        | Reached skill level 10 in Axes
    96 | D        | Reached skill level 5 in Armour
    96 | D        | Reached skill level 5 in Dodging
    96 | D        | Reached XP level 5. HP: 46/58 MP: 4/4
   160 | D        | Found a burning altar of Makhleb.
   160 | D        | Found a viscous altar of Jiyva.
   160 | D        | Found a shimmering altar of Xom.
   160 | D        | Found a corrupted altar of Lugonu.
   160 | D        | Noticed a slime creature
   169 | D        | Killed a slime creature
   170 | D        | Reached XP level 6. HP: 68/68 MP: 5/5
   200 | D        | Found an ornate altar of the Wu Jian Council.
   200 | D        | Found a shimmering blue altar of Sif Muna.
   202 | D        | Found a radiant altar of Vehumet.
   211 | D        | Splashed by a jelly's acid

Illustrated notes

Levels and vault maps discovered:
D:        dungeon_sprint_1 [red_sonja_temple_1, red_sonja_temple_small_1]

Skill      XL: |  1  2  3  4  5 |
---------------+----------------+-----
Fighting       | 5 7 9 11 | 11.3
Axes           | 5 7 10 11 | 11.5
Armour         | 3 4 5 6 |  6.0
Dodging        | 3 4 5 6 |  6.0

Action                   |  1- 3 |  4- 6 || total
-------------------------+-------+-------++-------
Melee: Hand axe          |     7 |    24 ||    31
       Headbutt          |     2 |     7 ||     9
Invok: Berserk           |     2 |     1 ||     3
Armor: Animal skin       |     1 |       ||     1
       Ring mail         |       |     1 ||     1
Dodge: Dodged            |     2 |     9 ||    11
